 Dungeon Crawl Stone Soup version 0.31-a0-1-g4198be8af4 (webtiles) character file.

Game seed: 68312315131429784

19327 erloom the Severer (level 12, -3/113 HPs)
             Began as a Minotaur Fighter on May 2, 2023.
             Was a High Priest of Makhleb.
             Slain by a hell knight
             ... wielding a +1 halberd of flaming
              (7 damage)
             ... in a volcano.
             The game lasted 00:22:43 (10372 turns).

erloom the Severer (Minotaur Fighter)              Turns: 10372, Time: 00:22:44

Health: -3/113     AC: 20    Str: 24    XL:     12   Next: 35%
Magic:  15/15      EV: 10    Int:  7    God:    Makhleb [*****.]
Gold:   419        SH: 15    Dex: 10    Spells: 11/11 levels left

rFire   . . .        a - +1 war axe (venom)
rCold   . . .        m - +0 tower shield
rNeg    . . .        I - +0 plate armour
rPois   +            (helmet restricted)
rElec   .            v - +2 cloak
rCorr   .            (no gloves)
SInv    .            z - +0 pair of boots
Will    .....        (no amulet) Stlth
                     p - +5 ring of evasion
HPRegen 0.38/turn    D - ring of poison resistance
MPRegen 0.14/turn

%: no passive effects
@: mighty
A: horns 2, retaliatory headbutt
a: Renounce Religion, Minor Destruction, Lesser Servant of Makhleb, Major
Destruction, Greater Servant of Makhleb


You were in a volcano.
You worshipped Makhleb.
Makhleb was extremely pleased with you.
You visited 2 branches of the dungeon, and saw 11 of its levels.
You also visited: Volcano.

You collected 587 gold pieces.
You spent 168 gold pieces at shops.

Inventory:

Hand Weapons
 a - a +1 war axe of venom (weapon)
Missiles
 l - 2 throwing nets (quivered)
Armour
 b - a +0 scale mail
 c - a +0 buckler
 i - a +1 chain mail
 m - a +0 tower shield (worn)
 n - an orb of mayhem
 v - a +2 cloak (worn)
 z - a +0 pair of boots (worn)
 I - a +0 plate armour (worn)
Jewellery
 h - a ring of see invisible
 p - a +5 ring of evasion (left hand)
 r - a +5 ring of evasion
 s - a ring of ice
 u - an amulet of faith
 y - a ring of positive energy
 A - a +6 ring of intelligence
 D - a ring of poison resistance (right hand)
 J - an amulet of guardian spirit
 O - an amulet of magic regeneration
Wands
 o - a wand of mindburst (3)
 E - a wand of flame (4)
 G - a wand of paralysis (9)
Scrolls
 e - 4 scrolls of teleportation
 j - 4 scrolls of immolation
 q - 4 scrolls of noise
 w - 3 scrolls of fog
 H - 3 scrolls of amnesia
 P - 2 scrolls of summoning
Potions
 d - a potion of might
 f - a potion of resistance
 g - 7 potions of flight {unknown}
 k - 3 potions of attraction
 t - 4 potions of cancellation {unknown}
 x - 4 potions of mutation
 C - a potion of lignification
 F - 2 potions of haste
 K - 2 potions of ambrosia
 L - 4 potions of curing
 M - a potion of brilliance
 N - 2 potions of berserk rage


   Skills:
 + Level 12.5 Fighting
 + Level 15.2 Axes
 + Level 11.2 Armour
 + Level 11.2 Shields
 - Level 5.6 Invocations


You had 11 spell levels left.
You didn't know any spells.
Your spell library contained the following spells:

 Spells                   Type           Power      Damage    Failure   Level
 Ozocubu's Armour         Ice            0%         N/A       100%        3
 Ozocubu's Refrigeration  Ice            0%         4d7       100%        7


Dungeon Overview and Level Annotations

Branches:
Dungeon (10/15)            Temple (0/1) D:4            Lair (1/5) D:10
    Orc (0/2) D:9         Volcano (1/1)

Altars:
Elyvilon
Fedhas
Gozag
Makhleb
Wu Jian
Zin
The Shining One

Shops:
D:5 (=(   D:6 *   D:7 (*

Annotations:
D:10 2 transporters


Innate Abilities, Weirdness & Mutations

You have a pair of horns on your head.
You reflexively headbutt those who attack you in melee.


Message History

The two-headed ogre hits you with a +1 great mace of flaming!
The two-headed ogre burns you.
You slash the two-headed ogre!
The two-headed ogre is severely wounded.
Your smoke demon barely misses the two-headed ogre.
Your smoke demon hits the two-headed ogre. x2
The hell knight hits you from afar with a +1 halberd of flaming!
The hell knight burns you.
Unknown command.
You barely miss the two-headed ogre.
The two-headed ogre is severely wounded.
You block the two-headed ogre's attack.
The two-headed ogre hits you with a +1 great mace of flaming!
The two-headed ogre burns you.
Your smoke demon hits the two-headed ogre.
Your smoke demon barely misses the two-headed ogre.
Your smoke demon closely misses the two-headed ogre.
You block the hell knight's attack.
You slash the two-headed ogre!
The two-headed ogre is almost dead.
Your smoke demon barely misses the two-headed ogre.
Your smoke demon hits the two-headed ogre.
The two-headed ogre dies!
Makhleb accepts your kill. The lava snake spits lava at you.
The glob of lava hits you!
* * * LOW HITPOINT WARNING * * *
The hell knight hits you from afar with a +1 halberd of flaming!
* * * LOW HITPOINT WARNING * * *
The hell knight burns you.
* * * LOW HITPOINT WARNING * * *
You feel much better.
Your smoke demon gestures at the lava snake.
The ball of steam misses the lava snake.
The lava snake spits lava at you. You block the glob of lava.
The hell knight hits you from afar with a +1 halberd of flaming!!
* * * LOW HITPOINT WARNING * * *
The hell knight burns you!
You die...

..###.O ..∩..
... #'# #.#
... ##.##
.... ##8p8#
.≈≈..#....#
§≈≈...§3@.##
§§§§S§.....#
≈§§§S.§....#
≈≈§≈≈S§§...##
§§≈§§§§§≈≈..#
≈≈≈§≈≈≈≈≈§≈.#
≈§≈≈≈≈≈§≈§§.#
≈≈≈§≈≈§§§§.#
≈≈≈≈≈≈≈≈§..#


You could see a hell knight, 3 lava snakes and a friendly smoke demon
(summoned).

Vanquished Creatures
  2 two-headed ogres
  6 elephants (Lair:1)
  A black mamba (Lair:1)
  A torpor snail (Lair:1)
  A cane toad (Lair:1)
  A kobold demonologist (D:10)
  A komodo dragon (Lair:1)
  An unseen horror (D:5)
  A troll (D:9)
  A hornet (D:8)
  Sigmund (D:2)
  A basilisk (Lair:1)
  27 yaks
  Eustachio (D:6)
  3 fire bats (Volcano)
  4 vampire mosquitoes (D:10)
  3 wargs (D:10)
  Menkaure (D:7)
  A water moccasin (D:9)
  8 orc warriors
  2 black bears
  A wolf (D:5)
  7 ogres
  2 centaurs
  A phantom (D:7)
  Blork the orc (D:5)
  8 gnoll sergeants
  4 kobold brigands
  11 bullfrogs
  3 scorpions
  7 wights
  2 howler monkeys
  2 lava snakes (Volcano)
  A jelly (D:5)
  3 hounds
  3 orc priests
  Crazy Yiuf (D:3)
  4 gnoll boudas
  3 iguanas
  9 orc wizards
  52 gnolls
  7 adders
  A shadow imp (D:5)
  2 white imps
  A worm (D:2)
  4 dart slugs
  27 orcs
  8 bats
  7 endoplasms
  7 goblins
  10 hobgoblins
  6 jackals
  17 kobolds
  3 quokkas
  4 ball pythons
  4 rats
301 creatures vanquished.

Vanquished Creatures (collateral kills)
  A two-headed ogre (Volcano)
1 creature vanquished.

Vanquished Creatures (others)
  2 fungi (Lair:1)
  A plant (D:10)
3 creatures vanquished.

Grand Total: 305 creatures vanquished

Notes
Turn   | Place    | Note
-------+----------+-------------------------------------------
     0 | D:1      | erloom the Minotaur Fighter began the quest for the Orb.
     0 | D:1      | Reached XP level 1. HP: 19/19 MP: 0/0
   121 | D:1      | Reached skill level 3 in Axes
   148 | D:1      | Found a faded altar of an unknown god.
   153 | D:1      | Reached XP level 2. HP: 26/26 MP: 1/1
  1279 | D:2      | Reached skill level 4 in Axes
  1317 | D:2      | Reached XP level 3. HP: 31/31 MP: 2/2
  1363 | D:2      | Reached skill level 5 in Axes
  1425 | D:2      | Noticed Sigmund
  1463 | D:2      | Reached XP level 4. HP: 39/39 MP: 3/3
  1678 | D:2      | You fall into a shaft and drop 2 floors!
  1741 | D:4      | Found a burning altar of Makhleb.
  1773 | D:4      | Became a worshipper of Makhleb the Destroyer
  2135 | D:2      | Killed Sigmund
  2136 | D:2      | Reached skill level 7 in Axes
  2136 | D:2      | Reached XP level 5. HP: 38/45 MP: 4/4
  2483 | D:3      | Reached XP level 6. HP: 46/51 MP: 5/5
  2553 | D:3      | Found a runed translucent door.
  2554 | D:3      | Noticed Crazy Yiuf
  2570 | D:3      | Killed Crazy Yiuf
  2853 | D:3      | Found a blossoming altar of Fedhas.
  3161 | D:4      | Reached skill level 8 in Axes
  3354 | D:4      | Found a staircase to the Ecumenical Temple.
  3481 | D:4      | Reached * piety under Makhleb
  3823 | D:5      | Entered Level 5 of the Dungeon
  3853 | D:5      | Reached skill level 9 in Axes
  3884 | D:5      | Reached XP level 7. HP: 31/57 MP: 6/6
  4057 | D:5      | Found Nuevirirr's Antique Weapon Shoppe.
  4064 | D:5      | Reached skill level 10 in Axes
  4138 | D:5      | Found Saar's Jewellery Shop.
  4317 | D:5      | Found a glowing golden altar of the Shining One.
  4347 | D:5      | Found Tebeeli's Weapon Emporium.
  4357 | D:5      | Reached skill level 5 in Fighting
  4385 | D:5      | Reached XP level 8. HP: 53/68 MP: 7/7
  4405 | D:4      | Reached ** piety under Makhleb
  4683 | D:5      | Noticed Blork the orc
  4706 | D:5      | Killed Blork the orc
  4712 | D:5      | Reached skill level 11 in Axes
  5234 | D:6      | Reached skill level 1 in Invocations
  5314 | D:6      | Found an opulent altar of Gozag.
  5333 | D:6      | Found Vatomayr's Assorted Antiques.
  5342 | D:6      | Bought a silvery potion for 26 gold pieces
  5342 | D:6      | Bought an orange potion for 26 gold pieces
  5342 | D:6      | Bought a scroll labelled OLOSCHUUNEE for 29 gold pieces
  5342 | D:6      | Bought 3 scrolls labelled ZIUSED HARUBE for 87 gold pieces
  5357 | D:6      | Noticed an unseen horror
  5401 | D:5      | Killed an unseen horror
  5402 | D:5      | Reached XP level 9. HP: 63/79 MP: 9/9
  5748 | D:6      | Noticed Eustachio
  5832 | D:6      | Killed Eustachio
  6016 | D:6      | Reached skill level 13 in Axes
  6016 | D:6      | Reached skill level 5 in Invocations
  6016 | D:6      | Reached XP level 10. HP: 93/93 MP: 9/13
  6077 | D:7      | Found Juxtifer's Antique Weapon Emporium.
  6138 | D:7      | Reached *** piety under Makhleb
  6175 | D:7      | Noticed Menkaure
  6184 | D:7      | Killed Menkaure
  6286 | D:7      | Found Zin's Purification Station.
  6286 | D:7      | Found a glowing silver altar of Zin.
  6491 | D:7      | Reached skill level 10 in Fighting
  6767 | D:8      | Found an ornate altar of the Wu Jian Council.
  6907 | D:8      | Found a white marble altar of Elyvilon.
  7541 | D:9      | Reached **** piety under Makhleb
  7829 | D:9      | Reached XP level 11. HP: 101/101 MP: 14/14
  8160 | D:9      | Noticed a two-headed ogre
  8169 | D:9      | Killed a two-headed ogre
  8170 | D:9      | Reached skill level 14 in Axes
  8402 | D:9      | Found a staircase to the Orcish Mines.
  8448 | D:9      | Reached ***** piety under Makhleb
  8675 | D:10     | Entered Level 10 of the Dungeon
  8676 | D:10     | Noticed a balrug
  9086 | D:10     | Found a staircase to the Lair.
  9284 | D:10     | Reached skill level 10 in Armour
  9284 | D:10     | Reached skill level 10 in Shields
  9285 | D:10     | Found a transporter.
  9289 | D:10     | Found a transporter.
  9289 | D:10     | Found a transporter.
  9289 | D:10     | Found a transporter.
  9673 | Lair:1   | Entered Level 1 of the Lair of Beasts
  9951 | Lair:1   | Reached XP level 12. HP: 112/112 MP: 15/15
 10050 | Lair:1   | Reached skill level 15 in Axes
 10166 | Lair:1   | Found a dark tunnel.
 10175 | Volcano  | Entered a volcano
 10355 | Volcano  | Noticed a two-headed ogre
 10355 | Volcano  | Noticed a two-headed ogre
 10366 | Volcano  | Killed a two-headed ogre
 10370 | Volcano  | Killed a two-headed ogre
 10372 | Volcano  | HP: 4/113 [hell knight/+1 halberd of flaming (25)]
 10372 | Volcano  | Slain by a hell knight

Illustrated notes

Levels and vault maps discovered:
D:1:      minmay_arrival_up_and_down, layout_basic, serial_forest,
          infiniplex_forest_end_2, infiniplex_forest_straight_5,
          infiniplex_forest_straight_4, infiniplex_forest_lined_2,
          infiniplex_forest_end_1, infiniplex_forest_end_2,
          infiniplex_forest_lined_corner,
          hellmonk_ecumenical_altar_pennies_from_heaven
D:2:      layout_basic, serial_curves, eino_curves_01, eino_curves_02,
          uniq_sigmund
D:3:      layout_loops_ring, mainiacjoe_overflow_24_doors, kennysheep_boxes,
          uniq_crazy_yiuf_cottage
D:4:      layout_loops_ring, lightli_temple_of_fire,
          minmay_temple_entry_mini_moons
D:5:      layout_cave_pools, mainiacjoe_overflow_alcove_1, serial_gnoll_camp,
          gnoll_camp_mini_hut, gnoll_camp_mini_shop, gnoll_camp_mini_hut,
          gnoll_camp_huts_basic, gnoll_camp_mini_shop, gnoll_camp_mini_hut,
          serial_shops, shop, uniq_blork_the_orc
D:6:      layout_cave_pools, kennysheep_little_box, serial_shops,
          nicolae_shop_hallway_plus, uniq_eustachio
D:7:      layout_rooms, zin_purify, serial_shops, shop, lightli_minifort,
          uniq_menkaure
D:8:      layout_loops_ring, amcnicky_altar_gilded,
          mainiacjoe_overflow_surrounded_room
D:9:      layout_irregular_city, kennysheep_orc_monster_closet_entryway,
          hangedman_decor_opposing, grunt_ministairs_14
D:10:     layout_long_grid, erik_lair_orcish_takeover,
          nicolae_diode_intersection
Lair:1:   layout_small_grid, serial_rivers, chequers_serial_rivers_small_a,
          chequers_serial_rivers_micro_d, chequers_serial_rivers_large_b,
          chequers_serial_rivers_micro_c, nicolae_volcano_entry_vermiform,
          cheibrodos_lair_caveside_slide
Volcano:  volcano_grotto [vgs_dualism]

Skill      XL: |  1  2  3  4  5  6  7  8  9 10 11 12 |
---------------+-------------------------------------+-----
Axes           | 3 4 5 7 9 10 11 13 14 15 | 15.2
Fighting       | 5 7 9 10 12 | 12.5
Armour         | 4 7 8 10 11 | 11.2
Shields        | 4 7 8 10 11 | 11.2
Invocations    | 2 5 |  5.6

Action                     |  1- 3 |  4- 6 |  7- 9 | 10-12 || total
---------------------------+-------+-------+-------+-------++-------
  Melee: War axe           |    47 |   138 |   200 |   498 ||   883
         Headbutt          |     5 |    19 |    33 |   112 ||   169
 Invoke: Greater Servant o |       |       |       |     1 ||     1
         Minor Destruction |       |       |       |     1 ||     1
         Lesser Servant of |       |       |       |     1 ||     1
  Evoke: Wand              |       |     2 |       |     3 ||     5
    Use: Scroll            |       |     1 |     5 |    18 ||    24
         Potion            |       |       |     2 |     2 ||     4
 Armour: Scale mail        |    12 |       |       |       ||    12
         Chain mail        |    15 |    40 |    69 |    60 ||   184
         Plate armour      |       |       |       |    54 ||    54
  Dodge: Dodged            |    18 |    49 |    72 |   193 ||   332
  Block: Buckler           |    12 |       |       |       ||    12
         Tower shield      |       |   108 |   175 |   325 ||   608

Table legend: (Time is in decaauts)
 A = Elapsed time spent in this place.
 B = Non-inter-level travel time spent in this place.
 C = Inter-level travel time spent in this place.
 D = Time resting spent in this place.
 E = Time spent auto-exploring this place.
 F = Levels seen in this place.
 G = Mean time per level.
                   A        B        C        D        E       F      G
               +--------+--------+--------+--------+--------+-----+--------+
         Total |  10544 |  10175 |    369 |   1609 |   5739 |  12 |  878.7 |
       Dungeon |   9840 |   9471 |    369 |   1477 |   5601 |  10 |  984.0 |
          Lair |    508 |    508 |      0 |     76 |     85 |   1 |  508.0 |
       Volcano |    194 |    194 |      0 |     56 |     53 |   1 |  194.0 |
               +--------+--------+--------+--------+--------+-----+--------+

Top non-repeatable levels by time:
     D:1: 1319 daAuts
     D:5: 1238 daAuts
     D:9: 1161 daAuts
     D:4: 1064 daAuts
     D:8: 1017 daAuts
     D:3: 893 daAuts
     D:6: 877 daAuts
    D:10: 867 daAuts
     D:2: 858 daAuts
     D:7: 542 daAuts
  Lair:1: 508 daAuts
 Volcano: 194 daAuts
